 Dungeon Crawl Stone Soup version 0.22-a0-280-g69bf1f3 (webtiles) character file.

27 varam the Ruffian (level 2, 0/29 HPs)
             Began as a Troll Monk on Mar 16, 2018.
             Slain by Sigmund
             ... wielding a +4 scythe
              (8 damage)
             ... on level 2 of the Dungeon.
             The game lasted 00:01:11 (898 turns).

varam the Ruffian (Troll Monk)                       Turns: 898, Time: 00:01:12

Health: 0/29       AC:  5    Str: 18    XL:     2   Next: 93%
Magic:  1/1        EV: 10    Int:  6    God:
Gold:   60         SH:  0    Dex: 12    Spells: 1/1 levels left

rFire    . . .     SeeInvis .     - Unarmed
rCold    . . .     Gourm    +   (no shield)
rNeg     . . .     Faith    .   a - +0 robe
rPois    .         Spirit   .   (helmet restricted)
rElec    .         Reflect  .   (no cloak)
rCorr    .         Harm     .   (gloves unavailable)
MR       .....                  (boots unavailable)
Stlth    ++........             (no amulet)
HPRegen  0.49/turn              (no ring)
MPRegen  0.07/turn              (no ring)

@: no status effects
A: large, unfitting armour, claws 3, fast metabolism 3, gourmand, regeneration
1, shaggy fur 1, tough skin 2
a: no special abilities


You were on level 2 of the Dungeon.
You were very full.

You visited 1 branch of the dungeon, and saw 2 of its levels.

You collected 60 gold pieces.

Inventory:

Armour
 a - a +0 robe (worn)
Scrolls
 g - a scroll of identify {unknown}
Potions
 c - a potion of brilliance {unknown}
 d - 2 potions of magic {unknown}
 e - 2 potions of heal wounds {unknown}
 f - a potion of curing {unknown}
 h - a potion of haste {unknown}
Comestibles
 b - 4 rations


   Skills:
 - Level 2.4 Fighting
 - Level 2.4 Dodging
 - Level 1.0 Stealth
 + Level 4.2 Unarmed Combat


You had one spell level left.
You didn't know any spells.

Dungeon Overview and Level Annotations

Branches:
Dungeon (2/15)

Altars:

Annotations:
D:2 Sigmund


Innate Abilities, Weirdness & Mutations

You are too large for most types of armour.
You have claws for hands.
Your metabolism is lightning-fast.
You like to eat raw meat.
Your natural rate of healing is unusually fast.
You are covered in fur. (AC +1)
You have very tough skin. (AC +2)


Message History

The magic dart hits you!
You closely miss Sigmund. Sigmund hits you but does no damage.
You barely miss Sigmund. You scratch Sigmund.
Sigmund is lightly wounded.
Sigmund barely misses you.
You claw Sigmund!
Sigmund is severely wounded.
You barely miss Sigmund.
Sigmund is severely wounded.
Sigmund hits you with an enchanted scythe!!
Ouch! That really hurt!
Sigmund closely misses you.
You closely miss Sigmund.
Sigmund is severely wounded.
The kobold hits you with a short sword.
* * * LOW HITPOINT WARNING * * *
You completely miss the kobold. Sigmund barely misses you.
Sigmund hits you from afar with an enchanted scythe!
You die...

%> # .### #? ..#
####.##.# ........##
.........##
.......@..#
######K#.## # #.@..#
###.# ###..##....
#.....# ##...###
#....#####
#..........
###########....###...
#........###....# .
#........# #..#.#


You could see Sigmund and a kobold.

Vanquished Creatures
  A dart slug (D:1)
  A leopard gecko (D:1)
  4 bats (D:1)
  A giant cockroach (D:1)
  3 goblins (D:1)
  A hobgoblin (D:1)
  2 jackals (D:1)
  3 kobolds (D:1)
  A ball python (D:1)
  2 frilled lizards (D:1)
  4 rats (D:1)
23 creatures vanquished.

Notes
Turn   | Place    | Note
-------+----------+-------------------------------------------
     0 | D:1      | varam the Troll Monk began the quest for the Orb.
     0 | D:1      | Reached XP level 1. HP: 22/22 MP: 0/0
   149 | D:1      | Reached XP level 2. HP: 28/29 MP: 1/1
   399 | D:1      | Reached skill level 4 in Unarmed Combat
   881 | D:2      | Noticed Sigmund
   898 | D:2      | Slain by Sigmund

Vault maps used:
D:1:      scummos_arrival_hexagon
D:2:      uniq_crazy_yiuf_cottage, uniq_natasha, uniq_sigmund

Skill      XL: |  1  2 |
---------------+-------+-----
Unarmed Combat | 4 |  4.2
Fighting       | |  2.4
Dodging        | |  2.4
Stealth        | |  1.0

Action                   || total
-------------------------++-------
Melee: Unarmed           ||    61
       Punch             ||     1
 Stab: Sleeping          ||     6
  Eat: Chunk             ||    13
Armor: Robe              ||    23
Dodge: Dodged            ||    32

Table legend:
 A = Spawn XP
 B = Non-spawn XP
 C = Spawn XP percentage of total XP
 D = Spawn monster count
 E = Non-spawn monster count
 F = Spawn count percentage of total count
 G = Total turns spent on level
                    A         B        C        D         E        F      G
               +---------+---------+-------+---------+---------+-------+---------
         Total |       0 |      39 |   0.0 |       0 |      23 |   0.0 |   898
               +---------+---------+-------+---------+---------+-------+---------
           D:1 |       0 |      39 |   0.0 |       0 |      23 |   0.0 |   848
               +---------+---------+-------+---------+---------+-------+---------
